 Dungeon Crawl Stone Soup version 0.32-a0-7-ge934b4519a (webtiles) character file.

Game seed: 12467959261339277828

5 timneilson the Ruffian (level 1, -1/13 HPs)
             Began as an Octopode Shapeshifter on Jan 14, 2024.
             Killed from afar by a dart slug (5 damage)
             ... with a slug dart
             ... on level 1 of the Dungeon.
             The game lasted 00:00:23 (110 turns).

timneilson the Ruffian (Octopode Shapeshifter)       Turns: 110, Time: 00:00:23

Health: -1/13      AC:  1    Str: 13    XL:     1   Next: 80%
Magic:  1/1        EV: 13    Int: 12    God:
Gold:   24         SH:  0    Dex: 11    Spells: 0/0 levels left

rFire   . .          .
                       - Unarmed
rCold   . . .        (no shield)
rNeg    . . .        (helmet currently unavailable)
rPois   .            (no amulet)
rElec   .            (no ring)
rCorr   .            (no ring)
SInv    .            (no ring)
Will    .....        (no ring)
Stlth   ++           (no ring)
HPRegen 0.22/turn    (no ring)
MPRegen 0.07/turn    (no ring)
                     (no ring)

%: no passive effects
@: beast-form
A: beast (slay +1), almost no armour, amphibious, 8 rings, camouflage 1,
gelatinous body 1, (nimble swimmer 1), tentacles
a: Begin Untransformation


You were on level 1 of the Dungeon.
You were a hulking beast.
You visited 1 branch of the dungeon, and saw 1 of its levels.

You collected 24 gold pieces.

Inventory:

Talismans
 b - a beast talisman
 c - a flux talisman
Potions
 a - a potion of lignification


   Skills:
 * Level 1.1 Fighting
 * Level 2.1 Dodging
 + Level 0.3 Stealth
 * Level 3.1 Unarmed Combat
 * Level 3.0 Shapeshifting


You couldn't memorise any spells.
You didn't know any spells.
Your spell library was empty.

Dungeon Overview and Level Annotations

Branches:
Dungeon (1/15)

Altars:


Innate Abilities, Weirdness & Mutations

You are a hulking beast.
Your limbs bulge with bestial killing power. (Slay +1)
You cannot wear most types of armour.
You are amphibious.
You can wear up to eight rings at the same time.
Your skin changes colour to match your surroundings (Stealth+).
Your rubbery body absorbs attacks. (AC +1, EV +1)
((You are camouflaged when in or above water. (Stealth+)))
You have tentacles for arms and can constrict up to eight enemies at once.


Message History

You see here a bat corpse.
HP restored.
Found a stone staircase leading down.
Found 6 stones.
There is a stone staircase leading down here.
You see here 6 stones.
You now have 24 gold pieces (gained 7).
A bat comes into view.
The helpless bat fails to defend itself.
You bludgeon the bat!
You kill the bat!
You see here a bat corpse.
A frilled lizard comes into view.
Found a stone staircase leading down.
A hobgoblin comes into view.
An endoplasm comes into view.
The frilled lizard hisses angrily.
The hobgoblin shouts!
A bat comes into view.
The frilled lizard bites you.
You barely miss the frilled lizard.
The endoplasm quivers.
Your grab misses the frilled lizard. The frilled lizard bites you.
An endoplasm comes into view.
You closely miss the frilled lizard. Your grab misses the frilled lizard.
The frilled lizard bites you.
You miss the frilled lizard. Your grab misses the frilled lizard.
The bat hits you but does no damage. The bat closely misses you.
The frilled lizard closely misses you.
A dart slug comes into view.
You tentacle-slap the frilled lizard.
You kill the frilled lizard!
The bat hits you. The dart slug launches a dart at you. The slug dart hits you.
* * * LOW HITPOINT WARNING * * *
The bat closely misses you. The dart slug launches a dart at you.
The slug dart hits you.
You die...

#... #.. ... ##.## ...
#... .# >..#.# ..... .#
#..#.# .....
#..#.#.b....
#..#†#......
#..#........ ##.
#..#.#..J... ...
#..#h#......
#############.#.........
........................
############...########w
# ##.#.#.## #
#.##.##.######.
#.##.†.........
#.#####.#######
##.###.##


You could see a dart slug and a bat.

Vanquished Creatures
  2 goblins (D:1)
  2 bats (D:1)
  A frilled lizard (D:1)
  2 rats (D:1)
7 creatures vanquished.

Notes
Turn   | Place    | Note
-------+----------+-------------------------------------------
     0 | D:1      | timneilson the Octopode Shapeshifter began the quest for
                  | the Orb.
     0 | D:1      | Reached XP level 1. HP: 13/13 MP: 1/1
   110 | D:1      | Killed from afar by a dart slug

Illustrated notes

Levels and vault maps discovered:
D:1:      minmay_arrival_jagged, layout_loops_ring, serial_shops, shop

Action                     || total
---------------------------++-------
  Melee: Unarmed           ||    14
   Stab: Sleeping          ||     1
 Armour: Skin              ||    10
  Dodge: Dodged            ||    13

Table legend: (Time is in decaauts)
 A = Elapsed time spent in this place.
 B = Non-inter-level travel time spent in this place.
 C = Inter-level travel time spent in this place.
 D = Time resting spent in this place.
 E = Time spent auto-exploring this place.
 F = Levels seen in this place.
 G = Mean time per level.
                   A        B        C        D        E       F      G
               +--------+--------+--------+--------+--------+-----+--------+
         Total |    109 |    109 |      0 |      0 |     57 |   1 |  109.0 |
       Dungeon |    109 |    109 |      0 |      0 |     57 |   1 |  109.0 |
               +--------+--------+--------+--------+--------+-----+--------+

Top non-repeatable levels by time:
     D:1: 109 daAuts
